 Dungeon Crawl Stone Soup version 0.31-a0-182-gc5ef74bbde (webtiles) character file.

Game seed: 9029100908615315036

104 Midn8 the Caller (level 4, -1/18 HPs)
             Began as a Felid Summoner on June 21, 2023.
             Shot with an arrow by a centaur (17 damage)
             ... on level 5 of the Dungeon.
             The game lasted 00:15:59 (3574 turns).

Midn8 the Caller (Felid Summoner)                   Turns: 3574, Time: 00:15:59

Health: -1/18      AC:  1    Str:  4    XL:     4   Next: 52%
Magic:  6/9        EV: 19    Int: 19    God:
Gold:   163        SH:  0    Dex: 22    Spells: 3/9 levels left
                                        Lives:  0   Deaths: 1

rFire   . . .        (weapon unavailable)
rCold   . . .        (shield unavailable)
rNeg    . . .        (body armour unavailable)
rPois   .            (helmet unavailable)
rElec   .            (cloak unavailable)
rCorr   .            (gloves unavailable)
SInv    +            (boots unavailable)
Will    .....        (no amulet)
Stlth   +++          n - +6 ring of dexterity
HPRegen 0.23/turn    (no ring)
MPRegen 0.11/turn

%: no passive effects
@: quick
A: very small, claws 1, fangs 3, see invisible, speed 1, shaggy fur 1, stealthy
paws, no weapons or thrown items, no armour, multi-lived
a: no special abilities


You were on level 5 of the Dungeon.
You visited 1 branch of the dungeon, and saw 5 of its levels.

You collected 163 gold pieces.

Inventory:

Jewellery
 j - a ring of ice
 n - a +6 ring of dexterity (left paw)
Scrolls
 f - a scroll of teleportation
 h - a scroll of brand weapon {unknown}
 i - a scroll of blinking {unknown}
 k - a scroll of immolation {unknown}
 l - 2 scrolls of amnesia {unknown}
 m - a scroll of acquirement {unknown}
Potions
 a - a potion of magic
 c - a potion of haste {unknown}
 d - a potion of enlightenment {unknown}
 e - 4 potions of curing
 g - a potion of mutation {unknown}
 o - 3 potions of heal wounds


   Skills:
 + Level 3.9 Dodging
 - Level 2.7 Stealth
 - Level 3.0 Spellcasting
 - Level 6.0 Summonings


You had 3 spell levels left.
You knew the following spells:

 Your Spells              Type           Power      Damage    Failure   Level
a - Summon Small Mammal   Summ           100%       N/A       1%          1
b - Call Imp              Summ           50%        N/A       1%          2
c - Call Canine Familiar  Summ           25%        N/A       3%          3

Your spell library contained the following spells:

 Spells                   Type           Power      Damage    Failure   Level
 Summon Guardian Golem    Hex/Summ       14%        N/A       13%         3
 Scorch                   Fire           4%         2d5       22%         2
 Summon Lightning Spire   Summ/Air       14%        N/A       41%         4
 Flame Wave               Conj/Fire      2%         2d4       83%         4
 Summon Cactus Giant      Summ           12%        N/A       89%         6


Dungeon Overview and Level Annotations

Branches:
Dungeon (5/15)
 Temple: D:4-7

Altars:
Elyvilon
Fedhas
Nemelex Xobeh
Qazlal
Trog
Xom
The Shining One

Shops:
D:3 =

Portals:
Sewer: D:5

Annotations:
D:4 exclusion: black bear


Innate Abilities, Weirdness & Mutations

You have sharp claws.
You have razor-sharp teeth.
You have supernaturally acute eyesight. (SInv)
You cover ground quickly. (Speed+)
You are covered in fur. (AC +1)
Your paws help you pounce on unaware monsters.
You are incapable of wielding weapons or throwing items.
You cannot wear armour.
You gain extra lives every three experience levels.


Message History

The giant cockroach barely misses your cerulean imp.
Your quokka barely misses the centaur.
The centaur barely misses your quokka. x2
Your cerulean imp barely misses the giant cockroach.
The rat misses your hound.
You swap places.
Something hits your quokka.
Your quokka dies!
Your quokka's corpse disappears in a puff of smoke!
The giant cockroach completely misses your cerulean imp.
Your cerulean imp hits the giant cockroach with a -2 spear.
The giant cockroach dies!
Unknown command.
The rat misses you.
The ball python hisses angrily.
The rat bites your hound. The rat completely misses you.
Your hound closely misses the rat.
The rat barely misses your hound. The rat bites you but does no damage.
The ball python bites you. The ball python completely misses you.
Casting: Call Imp (safe; 1% risk of failure)
Confirm with . or Enter, or press ? or * to list all spells.
The rat misses your cerulean imp.
Your hound misses the ball python. The ball python closely misses you.
The ball python barely misses you.
Your cerulean imp hits the rat with a -2 spear.
The rat dies!
Unknown command.
Your hound closely misses the rat.
The rat closely misses your hound.
Your hound bites the rat.
The rat dies!
Your quokka barely misses the ball python.
Unknown command.
Casting: Summon Small Mammal (safe; 1% risk of failure)
Confirm with . or Enter, or press ? or * to list all spells.
The centaur wields a +0 orcbow.
The centaur shoots an arrow.
The arrow closely misses your hound.
The arrow hits the ball python.
The ball python dies!
Your cerulean imp hits the centaur from afar with a -2 spear.
The centaur shoots an arrow.
The arrow barely misses your hound. The arrow closely misses your quokka.
The arrow hits you!
Ouch! That really hurt!
You die...

.. #§# ## #c#
#.# #.# #.#
#.# #.#
##########.#
#..r@.r.hc.#
#.#....5.†...#
#......?$..#
#...~~~....#
#..~~~~~...#
....~~∩~~...#
.....~~~B~..##
#.....~~~...#


You could see a centaur (ally target), a giant cockroach, a friendly hound
(summoned), a friendly cerulean imp (summoned) and 2 friendly quokkas.

Vanquished Creatures
  An orc (D:3)
  A ball python (D:3)
  A bat (D:1)
  A goblin (D:2)
  A jackal (D:1)
  A kobold (D:2)
6 creatures vanquished.

Vanquished Creatures (collateral kills)
  A jelly (D:4)
  An iguana (D:4)
  6 adders
  A worm (D:2)
  2 dart slugs
  8 orcs
  3 bats
  8 endoplasms
  3 giant cockroaches
  6 goblins
  7 hobgoblins
  A jackal (D:1)
  3 kobolds
  3 quokkas
  6 ball pythons
  2 frilled lizards (D:1)
  6 rats
67 creatures vanquished.

Vanquished Creatures (others)
  A ball python (D:5)
1 creature vanquished.

Grand Total: 74 creatures vanquished

Notes
Turn   | Place    | Note
-------+----------+-------------------------------------------
     0 | D:1      | Midn8 the Felid Summoner began the quest for the Orb.
     0 | D:1      | Reached XP level 1. HP: 7/7 MP: 4/4
   197 | D:1      | Reached XP level 2. HP: 11/11 MP: 4/6
   213 | D:1      | Learned a level 2 spell: Call Imp
   867 | D:2      | Reached XP level 3. HP: 14/14 MP: 8/8
   880 | D:2      | Learned a level 3 spell: Call Canine Familiar
  1268 | D:2      | Found a faded altar of an unknown god.
  2009 | D:3      | Reached skill level 5 in Summonings
  2009 | D:3      | Reached XP level 4. HP: 18/18 MP: 6/9
  2058 | D:3      | Found a stormy altar of Qazlal.
  2327 | D:3      | Found Xucomn's Jewellery Boutique.
  2894 | D:4      | Reached XP level 5. HP: 21/21 MP: 1/10
  3084 | D:4      | Found a shimmering altar of Xom.
  3085 | D:4      | Found a sparkling altar of Nemelex Xobeh.
  3085 | D:4      | Found a glowing golden altar of the Shining One.
  3087 | D:4      | Found a bloodstained altar of Trog.
  3088 | D:4      | Found a blossoming altar of Fedhas.
  3109 | D:4      | Found a white marble altar of Elyvilon.
  3121 | D:4      | Reached skill level 6 in Summonings
  3359 | D:4      | Noticed a black bear
  3455 | D:5      | Entered Level 5 of the Dungeon
  3465 | D:5      | Noticed a centaur
  3541 | D:5      | Shot with an arrow by a centaur
  3542 | D:5      | Reached XP level 4. HP: -4/18 MP: 4/9
  3558 | D:5      | Found a glowing drain.
  3574 | D:5      | Shot with an arrow by a centaur

Illustrated notes

Levels and vault maps discovered:
D:1:      dpeg_arrival_more_subterranean_lakeside_camping, layout_basic,
          serial_corexii_hall, corexii_hall_statues_i, corexii_hall_statues_t,
          st_stairs_11
D:2:      layout_loops_cross, shapermc_ecumenical_altar_ellora,
          minmay_parallelograms
D:3:      layout_basic, nicolae_qazlal_scattered_showers, serial_shops, shop
D:4:      layout_rooms, nicolae_overflow_crystal_walls,
          grunt_temple_overflow_open, temple_green, minmay_misc_feat_alley
D:5:      layout_loops_ring, mainiacjoe_overflow_surrounded_room,
          portal_sewer_entry_a, uniq_menkaure, uniq_blork_the_orc

Skill      XL: |  1  2  3  4  5 |
---------------+----------------+-----
Spellcasting   | 3 |  3.0
Summonings     | 5 6 |  6.0
Dodging        | 3 |  3.9
Stealth        | |  2.7

Action                     |  1- 3 |  4- 6 || total
---------------------------+-------+-------++-------
  Melee: Unarmed           |    19 |     4 ||    23
         Bite              |     3 |     2 ||     5
   Cast: Summon Small Mamm |    35 |    16 ||    51
         Call Imp          |    19 |    14 ||    33
         Call Canine Famil |     3 |    10 ||    13
    Use: Scroll            |     2 |     2 ||     4
 Armour: Skin              |     1 |     5 ||     6
  Dodge: Dodged            |    25 |    22 ||    47

Table legend: (Time is in decaauts)
 A = Elapsed time spent in this place.
 B = Non-inter-level travel time spent in this place.
 C = Inter-level travel time spent in this place.
 D = Time resting spent in this place.
 E = Time spent auto-exploring this place.
 F = Levels seen in this place.
 G = Mean time per level.
                   A        B        C        D        E       F      G
               +--------+--------+--------+--------+--------+-----+--------+
         Total |   3157 |   3099 |     58 |    966 |   1336 |   5 |  631.4 |
       Dungeon |   3157 |   3099 |     58 |    966 |   1336 |   5 |  631.4 |
               +--------+--------+--------+--------+--------+-----+--------+

Top non-repeatable levels by time:
     D:2: 966 daAuts
     D:4: 753 daAuts
     D:1: 734 daAuts
     D:3: 666 daAuts
     D:5: 36 daAuts
